[Event "Torneo Nuevo Centro. Jornada 8"]
[Site "Chess.com"]
[Date "2020.08.07"]
[Round "5"]
[White "Pardo Ruiz, Carlos"]
[Black "Ainsa Jimenez, Lucas"]
[Result "1-0"]
[WhiteElo "1676"]
[BlackElo "1070"]
[TimeControl "180+2"]
[EndTime "11:22:42 PDT"]
[Termination "Victoria de Carlitoscarlsen por tiempo"]

1. e4 e5 2. Nf3 Nc6 3. Bc4 Bc5 4. c3 h6 5. d4 exd4 6. cxd4 Bb6 7. O-O Nf6 8. e5 Nh7 9. d5 Na5 10. Bd3 d6 11.
Re1 O-O 12. exd6 Qxd6 13. h3 Qxd5 14. Bxh7+ Kxh7 15. Qxd5 Nc6 16. Nc3 Nb4 17. Qe4+ Kg8 18. Qxb4 a5 19. Qh4 Be6 20. Bxh6 gxh6 21. Qxh6 Bf5 22.
Ng5 Bg6 23. Re6 Bf5 24. Rf6 Bd3 25. Nce4 1

[Event "Torneo Nuevo Centro. Jornada 8"]
[Site "Chess.com"]
[Date "2020.08.07"]
[Round "5"]
[White "Blanco Solaz, Ramón"]
[Black "Montesinos Diaz, Luis"]
[Result "0-1"]
[WhiteElo "1961"]
[BlackElo "1862"]
[TimeControl "180+2"]
[EndTime "11:23:33 PDT"]
[Termination "Victoria de Gwiso_06 por jaque mate"]

1. g3 d5 2. c4 c6 3. Bg2 Nf6 4. Nf3 Bg4 5. O-O e6 6. b3 Bd6 7. Bb2 Nbd7 8. d4 O-O 9. Qc2 Bf5 10. Qc1 h6 11. Rd1 Rc8 12. Nbd2 Re8 13. Ne5 Ne4 14.
Nxe4 Bxe4 15. f3 Bh7 16. e4 dxe4 17. fxe4 f6 18. Nd3 Qe7 19. c5 Bb8 20. b4 e5 21. d5 cxd5 22. exd5 e4 23. Nf4 g5 24.
Ne6 Bf5 25. Nd4 Bg6 26. Re1 f5 27. Qe3 Ne5 28. Qc3 b6 29. d6 Bxd6 30. cxd6 Qxd6 31. Qb3+ Bf7 32. Rad1 Bxb3 33. Nxb3 Qe6 34. Nd4 Qxa2 35. Re2 Nd3 36. Ba1 Qa4 37. Rf1 Qxb4 38. Nxf5 Rc1 39. Nxh6+ Kh7 40. Ng4 Rxf1+ 41. Bxf1 Rf8 42. Nf6+ Kg6 43.
Rxe4 Qb1 44. Bd4 Nc5 45. Bxc5 Rxf6 46. Rb4 Qxf1# 0

[Event "Torneo Nuevo Centro. Jornada 8"]
[Site "Chess.com"]
[Date "2020.08.07"]
[Round "5"]
[White "Kovacevic, Slobodan"]
[Black "Rodriguez Rodriguez, Joan David "]
[Result "1-0"]
[WhiteElo "2228"]
[BlackElo "1714"]
[TimeControl "180+2"]
[EndTime "11:23:57 PDT"]
[Termination "Victoria de nikko110 por tiempo"]

1. d4 d5 2. Bf4 h5 3. h3 Nf6 4. e3 c5 5. c3 Nc6 6. Nd2 Bf5 7. Qb3 Qb6 8. dxc5 Qxb3 9. axb3 e6 10. b4 a6 11. Ngf3 Be7 12. b5 Nd8 13. b4 O-O 14. bxa6 bxa6 15. Rxa6 Rc8 16. Be2 Ne4 17. Nxe4 Bxe4 18.
O-O Nc6 19. Nd4 Nd8 20. Rfa1 f6 21. Bh2 e5 22. Nb5 Bf5 23. Bxh5 Nc6 24. Bg3 Bd3 25. Rb6 Rb8 26. Rxb8 Rxb8 27. Nc7 Rd8 28. Bf3 e4 29. Bg4 g6 30. Be6+ Kg7 31. Bxd5 1

[Event "Torneo Nuevo Centro. Jornada 8"]
[Site "Chess.com"]
[Date "2020.08.07"]
[Round "5"]
[White "Zamora Soler, Raul"]
[Black "Carbonell Bofill, Carlos Eloy"]
[Result "0-1"]
[WhiteElo "1876"]
[BlackElo "1954"]
[TimeControl "180+2"]
[EndTime "11:24:23 PDT"]
[Termination "Victoria de MFCARLOS por jaque mate"]

1. Nf3 d5 2. d4 c6 3. e3 Bf5 4. b3 Nd7 5. Bb2 h6 6. Nbd2 Ngf6 7. c4 e6 8. Be2 Bd6 9. h3 Qe7 10. c5 Bc7 11. b4 e5 12. dxe5 Nxe5 13. Nxe5 Bxe5 14. Bxe5 Qxe5 15. O-O a6 16. Nf3 Qc3 17. Qd2 Ne4 18. Qxc3 Nxc3 19. Rfe1 Nxe2+ 20. Rxe2 a5 21. Nd4 Bd3 22. Rd2 Bc4 23. bxa5 Rxa5 24. Nf5 Rxc5 25.
Nxg7+ Kd7 26. Nf5 Ra5 27. e4 Kc7 28. exd5 Bxd5 29. Ne3 Be6 30. a3 Rha8 31. Rd3 b5 32.
Nc2 c5 33. Rc3 Kb6 34. Rb1 Ka6 35. Rxc5 Kb6 36. Re5 Bc4 37. Ne3 Kc6 38. Nxc4 bxc4 39. Rxa5 Rxa5 40. Rb4 Kc5 41. Rb7 Rxa3 42. Rxf7 Ra6 43.
Rf5+ Kd4 44. Rf8 c3 45. Rc8 Kd3 46. Kf1 Ra1# 0

[Event "Torneo Nuevo Centro. Jornada 8"]
[Site "Chess.com"]
[Date "2020.08.07"]
[Round "5"]
[White "Castellano López, Javier"]
[Black "Roca Cruz, Rafael"]
[Result "1-0"]
[WhiteElo "1893"]
[BlackElo "1796"]
[TimeControl "180+2"]
[EndTime "11:24:48 PDT"]
[Termination "Victoria de its_xavi_official por tiempo"]

1. d4 b5 2. e4 Bb7 3. Bd3 Nf6 4. Qe2 e6 5. Bg5 Be7 6. c3 a6 7.
Nd2 O-O 8. Ngf3 d6 9. O-O Nbd7 10. a4 bxa4 11. Rxa4 a5 12. Rfa1 c5 13. Bxf6 Bxf6 14. Nc4 Nb6 15. Rxa5 Nxc4 16. Rxa8 Bxa8 17. Bxc4 cxd4 18.
cxd4 Qb6 19. e5 Bxf3 20. gxf3 dxe5 21. dxe5 Bh4 22. b3 Rd8 23. Qe3 Qxe3 24. fxe3 g6 25.
Ra2 Kg7 26. Kg2 Be7 27. f4 Bc5 28. Kf3 Rd1 29. Rb2 Bb4 30. Ra2 Rd8 31. Ra4 Rb8 32.
Ke2 h5 33. Bd3 h4 34. h3 Rb6 35. Bc4 Bc5 36. Kf3 1

[Event "Torneo Nuevo Centro. Jornada 8"]
[Site "Chess.com"]
[Date "2020.08.07"]
[Round "5"]
[White "Méndez Giménez , Néstor Emmanuel"]
[Black "Chofre Murcia, Adrián"]
[Result "0-1"]
[WhiteElo "1203"]
[BlackElo "1687"]
[TimeControl "180+2"]
[EndTime "11:26:02 PDT"]
[Termination "Victoria de Kelorian por jaque mate"]

1. e4 e5 2. Nf3 Nc6 3. d4 exd4 4. Nxd4 Nxd4 5. Qxd4 d6 6. b3 Nf6 7. Bb2 Be7 8. Bc4 O-O 9. O-O Be6 10. Bxe6 fxe6 11.
Qc4 Qd7 12. Na3 c6 13. Rfd1 Kh8 14. e5 d5 15. Qe2 Ne4 16. Qxe4 Rf5 17. Qg4 Raf8 18.
Bd4 Bxa3 19. Rf1 Be7 20. h4 b6 21. Qg3 c5 22. Bc3 d4 23. Rad1 Qd5 24. Bb2 Qxe5 25.
Qxe5 Rxe5 26. Rfe1 Rxe1+ 27. Rxe1 Bxh4 28. g3 Bf6 29. Rxe6 h6 30. Kg2 Rf7 31. Re8+ Kh7 32. Re1 Re7 33. Rd1 Re2 34. Rc1 Bg5 35. Rd1 Rxc2 36. Bc1 Rxc1 37. Rxc1 Bxc1 38. Kf3 Bb2 39. Ke2 Kg6 40. f4 Kf5 41. Kf3 Bc3 42. g4+ Kf6 43.
Ke4 g5 44. f5 a6 45. a4 b5 46. axb5 axb5 47. Kd3 Ke5 48. Ke2 Ke4 49. f6 d3+ 50. Kd1 Bxf6 51. Kd2 b4 52. Kd1 Bc3 53. Kc1 Kf4 54. Kd1 Kxg4 55. Kc1 h5 56. Kd1 Kf4 57. Kc1 g4 58. Kd1 h4 59. Kc1 h3 60. Kd1 h2 61.
Kc1 g3 62. Kb1 h1=R+ 63. Ka2 Ra1# 0

[Event "Torneo Nuevo Centro. Jornada 8"]
[Site "Chess.com"]
[Date "2020.08.07"]
[Round "5"]
[White "Gil López, Alejandro"]
[Black "Pedros Viudes, Santiago"]
[Result "1-0"]
[WhiteElo "2210"]
[BlackElo "1905"]
[TimeControl "180+2"]
[EndTime "11:26:10 PDT"]
[Termination "Victoria de AglVal0313 por abandono"]

1. e4 e6 2. Nf3 d5 3. exd5 exd5 4. d4 Bd6 5. Bd3 Nc6 6. O-O Bg4 7. c3 Nf6 8. Bg5 h6 9. Re1+ Ne7 10. Bxf6 gxf6 11.
Nbd2 Qd7 12. Qc2 O-O-O 13. b4 Rhg8 14. g3 Kb8 15. Bf1 Ng6 16. a4 h5 17. a5 h4 18. Qa4 Qf5 19. a6 b6 20. Qc6 Qc8 21.
c4 Bxb4 22. Reb1 Bd7 23. Qxf6 Bxd2 24. Nxd2 hxg3 25. hxg3 Bh3 26. c5 Bxf1 27. Nxf1 Qe6 28. Qxe6 fxe6 29. Ne3 Nf4 30. Kf1 Ng6 31. Ng4 Ne7 32.
Ne5 Kc8 33. Re1 Nf5 34. Nc6 Rde8 35. cxb6 cxb6 36. Nxa7+ Kb8 37. Nc6+ Kc7 38. Rec1 Kd6 39. a7 Ra8 40. Rab1 Rgf8 41. Kg2 Ne7 42. Rxb6 Nxc6 43. Rcxc6+ Kd7 44. Rd6+ Kc7 45. Rbc6+ Kb7 46. Rxe6 Rxa7 47. Rcd6 Ka8 48. Rf6 Rxf6 49. Rxf6 Rd7 50. Rf5 Kb7 51.
g4 Kc7 52. g5 Kd8 53. f4 Ke8 54. Kg3 Ke7 55. Kg4 Ke6 56. Rf6+ Ke7 57. Kf5 1

[Event "Torneo Nuevo Centro. Jornada 8"]
[Site "Chess.com"]
[Date "2020.08.07"]
[Round "5"]
[White "Lloret Ramis, Juan José"]
[Black "Beneyto de Ramon, Guillermo"]
[Result "1-0"]
[WhiteElo "1984"]
[BlackElo "1650"]
[TimeControl "180+2"]
[EndTime "11:26:22 PDT"]
[Termination "Victoria de Amiplim por jaque mate"]

1. c4 c5 2. Nc3 Nc6 3. Nf3 Nf6 4.
g3 e6 5. Bg2 d5 6. cxd5 exd5 7.
d4 cxd4 8. Nxd4 Bb4 9. O-O O-O 10. Bg5 Bf5 11. Nxf5 Bxc3 12. bxc3 h6 13. Bf4 Qd7 14.
Nd4 Nxd4 15. cxd4 Rfe8 16. Re1 Ne4 17. Qb3 b6 18. Bxe4 Rxe4 19. Be3 Rae8 20. Rac1 Qf5 21. Rc3 Qe6 22. Rec1 Qf6 23. Qxd5 R4e7 24. Rc8 Kh7 25. Rxe8 Rxe8 26. Qf3 Qe6 27. d5 Qg6 28. Rd1 Rd8 29.
Bf4 Kg8 30. e4 Qf6 31. e5 Qf5 32. Qd3 Qg4 33. f3 Qh5 34. d6 g5 35. Bc1 g4 36.
f4 f6 37. Bb2 fxe5 38. Bxe5 Qf7 39. Qd5 Qxd5 40. Rxd5 Kf7 41. f5 Rd7 42. Kf2 h5 43. Ke3 Ke8 44. Kf4 Rb7 45. a4 Kd7 46. Kg5 Rb8 47.
Kxh5 Re8 48. Kxg4 Kc6 49. d7 Rd8 50. Rd2 a6 51. f6 Rxd7 52. Rxd7 Kxd7 53. Kf5 Ke8 54.
Kg6 Kf8 55. Bd6+ Ke8 56. f7+ Kd7 57. f8=Q b5 58. Qe7+ Kc6 59. axb5+ axb5 60. Qc7+ Kd5 61. Kf5 Kd4 62. Qc5+ Kd3 63. Qb4 Kc2 64. Qxb5 Kc3 65. Qa4 Kd3 66. Qb4 Ke3 67. Qc4 Kf2 68.
Qd3 Kg1 69. Qe2 Kh1 70. g4 Kg1 71. h4 Kh1 72. Kf4 Kg1 73. Kg3 Kh1 74. Qe1# 1

[Event "Torneo Nuevo Centro. Jornada 8"]
[Site "Chess.com"]
[Date "2020.08.07"]
[Round "6"]
[White "Rabbani Perez, Oumaima "]
[Black "Grigorev, Artur "]
[Result "0-1"]
[WhiteElo "614"]
[BlackElo "968"]
[TimeControl "180+2"]
[EndTime "11:31:37 PDT"]
[Termination "Victoria de Arturiog por jaque mate"]

1. e3 d5 2. Bb5+ Bd7 3. Qg4 c6 4. Qa4 cxb5 5. Qd4 Bc6 6. Nf3 Nd7 7. Qf4 Ngf6 8. Ng5 e5 9. Qf5 Bc5 10. Qxe5+ Nxe5 11. Nc3 Nfg4 12. O-O Qxg5 13. f4 Qh5 14. fxe5 Qxh2# 0

[Event "Torneo Nuevo Centro. Jornada 8"]
[Site "Chess.com"]
[Date "2020.08.07"]
[Round "6"]
[White "Perrot, Fabien "]
[Black "Vicent Lázaro, Elena"]
[Result "1-0"]
[WhiteElo "1017"]
[BlackElo "667"]
[TimeControl "180+2"]
[EndTime "11:32:02 PDT"]
[Termination "Victoria de InspiredMinds por abandono"]

1. d4 e6 2. e4 c5 3. c3 Nc6 4. Nf3 Nf6 5. Bg5 Bd6 6. e5 Bb8 7. exf6 gxf6 8. Bh4 O-O 9. Bd3 e5 10. dxe5 Nxe5 11. Nxe5 fxe5 12. Bxd8 e4 13. Bxe4 Rxd8 14. Qh5 Re8 1

[Event "Torneo Nuevo Centro. Jornada 8"]
[Site "Chess.com"]
[Date "2020.08.07"]
[Round "6"]
[White "Casado Andreu, David"]
[Black "Lloret Ramis, Juan José"]
[Result "0-1"]
[WhiteElo "1755"]
[BlackElo "1987"]
[TimeControl "180+2"]
[EndTime "11:32:04 PDT"]
[Termination "Victoria de Amiplim por abandono"]

1. e4 e6 2. d4 d5 3. e5 c5 4. c3 Nc6 5. Nf3 Bd7 6. a3 f6 7. exf6 Nxf6 8. Bd3 Bd6 9. O-O O-O 10. b4 cxd4 11. cxd4 Qc7 12. Be3 e5 13. dxe5 Nxe5 14. Nxe5 Bxe5 15. Ra2 Bxh2+ 16. Kh1 Bd6 17. Rd2 Rae8 18.
Qf3 Bg4 0

[Event "Torneo Nuevo Centro. Jornada 8"]
[Site "Chess.com"]
[Date "2020.08.07"]
[Round "6"]
[White "Fitzpatrick Dimas, Kevin"]
[Black "Hernández Tomás, Efrén"]
[Result "0-1"]
[WhiteElo "890"]
[BlackElo "1078"]
[TimeControl "180+2"]
[EndTime "11:33:39 PDT"]
[Termination "Victoria de EfrenHT10 por abandono"]

1. e4 e5 2. Bc4 Nf6 3. Nc3 Bc5 4. d3 c6 5. a3 d5 6. exd5 cxd5 7. Bb5+ Bd7 8. Bxd7+ Qxd7 9. Nf3 e4 10. dxe4 Nxe4 11. Be3 Bxe3 12. fxe3 Nxc3 13. bxc3 Qc6 14. Qd2 O-O 15.
Ne5 Qe6 16. Qd4 f6 17. Nd3 Re8 18. O-O Qxe3+ 19. Qxe3 Rxe3 20. Nc5 Rxc3 21. Ne6 Rxc2 22. Rfe1 Nc6 23. Nc7 Rc8 24. Nxd5 Rd8 25. Rad1 Ra2 26. Re3 Rc2 27. Rg3 Rc5 28. Nxf6+ Kf7 29. Rf1 gxf6 30.
Rgf3 Rd6 31. g4 Nd4 32. Rf4 Ne2+ 33. Kg2 Nxf4+ 0

[Event "Torneo Nuevo Centro. Jornada 8"]
[Site "Chess.com"]
[Date "2020.08.07"]
[Round "6"]
[White "Yuste Valenzuela, Alejandro"]
[Black "Bascuñana Sánchez, Pablo"]
[Result "1-0"]
[WhiteElo "1873"]
[BlackElo "1656"]
[TimeControl "180+2"]
[EndTime "11:33:48 PDT"]
[Termination "Victoria de alejandrito290 por abandono"]

1. e4 c5 2. Nf3 g6 3. d4 cxd4 4. Nxd4 Bg7 5. Nc3 Nc6 6. Be3 Nf6 7.
Bc4 Qa5 8. O-O O-O 9. Bb3 d6 10. h3 Qh5 11. Qxh5 Nxh5 12. Rad1 Nf6 13. f4 Nxd4 14.
Bxd4 a6 15. e5 dxe5 16. fxe5 Nd7 17. e6 Bxd4+ 18. Rxd4 Ne5 19. exf7+ Nxf7 20. Rdf4 e6 21. Ne4 Kg7 22. Ng5 Bd7 23. Rxf7+ Rxf7 24. Rxf7+ Kh6 25.
h4 Kh5 26. Rxd7 Kxh4 27. Nxe6 Re8 28. Rxb7 Rxe6 29. Bxe6 1

[Event "Torneo Nuevo Centro. Jornada 8"]
[Site "Chess.com"]
[Date "2020.08.07"]
[Round "6"]
[White "Montesinos Diaz, Luis"]
[Black "Bendayán Claros, Aaron"]
[Result "1-0"]
[WhiteElo "1876"]
[BlackElo "2032"]
[TimeControl "180+2"]
[EndTime "11:33:51 PDT"]
[Termination "Victoria de Gwiso_06 por abandono"]

1. d4 d5 2. Nf3 Nf6 3. e3 c5 4. b3 Nc6 5. Bb2 cxd4 6. exd4 g6 7. Bd3 Bg7 8. O-O O-O 9. Nbd2 Bf5 10. Bxf5 gxf5 11. Ne5 Rc8 12. c4 e6 13. Ndf3 Ne4 14.
Rc1 Qa5 15. a3 Nxe5 16. Nxe5 Bxe5 17. dxe5 dxc4 18. Rxc4 Rxc4 19. bxc4 Rd8 20. Qf3 Rd2 21. Bc1 Rc2 22. Bh6 Qxe5 23. Rd1 Qf6 24. Qf4 Qe7 25. Qb8+ 1

[Event "Torneo Nuevo Centro. Jornada 8"]
[Site "Chess.com"]
[Date "2020.08.07"]
[Round "6"]
[White "Beneyto de Ramon, Guillermo"]
[Black "Miranda Calvo, Max Rodrigo"]
[Result "1-0"]
[WhiteElo "1652"]
[BlackElo "1344"]
[TimeControl "180+2"]
[EndTime "11:34:29 PDT"]
[Termination "Victoria de GUILLETE por abandono"]

1. c4 g6 2. Nc3 Bg7 3. g3 c6 4. Bg2 d6 5. Nf3 Bf5 6. d4 Nd7 7. Bf4 Ngf6 8. O-O O-O 9. Nh4 Be6 10. d5 cxd5 11. cxd5 Bf5 12. e4 e5 13. Be3 Bg4 14.
f3 Bh5 15. g4 g5 16. Bxg5 Bg6 17. Nxg6 fxg6 18. Qd2 Rf7 19. Nb5 a6 20. Nxd6 Qb6+ 21. Be3 Qxd6 22. Qc3 Rff8 23. Rac1 Rfc8 24. Qxc8+ Rxc8 25.
Rxc8+ Kf7 26. g5 Ne8 27. Bh3 Nb6 28. Be6+ Ke7 29. f4 Nc7 30. fxe5 Qxe5 31. Rf7+ Kd6 32. Rd8+ 1

[Event "Torneo Nuevo Centro. Jornada 8"]
[Site "Chess.com"]
[Date "2020.08.07"]
[Round "6"]
[White "Martin Ayala, David"]
[Black "Pardo Ruiz, Carlos"]
[Result "0-1"]
[WhiteElo "1860"]
[BlackElo "1688"]
[TimeControl "180+2"]
[EndTime "11:35:18 PDT"]
[Termination "Victoria de Carlitoscarlsen por abandono"]

1. e4 Nf6 2. e5 Nd5 3. c4 Nb6 4. d4 d6 5. exd6 exd6 6. Nf3 Bg4 7. Be2 Be7 8. Be3 O-O 9. Nc3 Nc6 10. O-O Bf6 11. Rc1 Bxf3 12. Bxf3 Nxc4 13. Nd5 Nxe3 14. Nxf6+ Qxf6 15. fxe3 Qg5 16. Qe2 Rfe8 17. Rfe1 Nxd4 18. Qf2 Nxf3+ 19. Qxf3 c6 20. Rcd1 d5 21. Rd4 Re7 22. Rg4 Qe5 23. e4 Qxb2 24. Rf1 Qd4+ 25. Kh1 dxe4 26.
Qg3 g6 27. Qh4 Qd3 28. Re1 Rae8 29. Rg3 Qd2 30. Rh3 h5 31. Rf1 e3 32. Re1 e2 33.
Rb3 Re4 34. Qg3 Re3 35. Rxe3 Rxe3 36. Qb8+ Kh7 37. g4 Qxe1+ 0

[Event "Torneo Nuevo Centro. Jornada 8"]
[Site "Chess.com"]
[Date "2020.08.07"]
[Round "6"]
[White "Birnoveanu, Petru"]
[Black "Conon, Catalin"]
[Result "1-0"]
[WhiteElo "1682"]
[BlackElo "1914"]
[TimeControl "180+2"]
[EndTime "11:36:36 PDT"]
[Termination "Victoria de piculet por jaque mate"]

1. e4 c5 2. c4 Nc6 3. Nc3 e6 4. f4 Nge7 5. Be2 g6 6. Bf3 Bg7 7. Nge2 O-O 8. d3 Rb8 9. a4 a6 10. Rb1 d5 11. cxd5 exd5 12. Nxd5 Nxd5 13. exd5 Nb4 14. Qb3 Bf5 15. O-O Nxd3 16. g4 c4 17. Qxc4 Qb6+ 18. Kg2 Nxf4+ 19. Bxf4 Bxb1 20. Rxb1 Rbc8 21.
Qd3 Qb4 22. b3 Rfe8 23. Bd2 Qd6 24. Ng3 Rcd8 25. Rd1 Be5 26. Bg5 f6 27. Be3 Bxg3 28. hxg3 Kf7 29. Bf4 Qc5 30. Rc1 Qa3 31. d6 g5 32.
Rc7+ Kg8 33. Qxh7+ Kf8 34. Qh8# 1

[Event "Torneo Nuevo Centro. Jornada 8"]
[Site "Chess.com"]
[Date "2020.08.07"]
[Round "6"]
[White "Carbonell Bofill, Carlos Eloy"]
[Black "Gimenez Saiz, Jose Raul"]
[Result "1-0"]
[WhiteElo "1959"]
[BlackElo "1736"]
[TimeControl "180+2"]
[EndTime "11:36:38 PDT"]
[Termination "Victoria de MFCARLOS por abandono"]

1. d4 d6 2. Bf4 Nd7 3. Nf3 g6 4. h4 h5 5. e4 Bg7 6. e5 dxe5 7.
dxe5 e6 8. Nc3 Ne7 9. Bd3 b6 10. Be4 Rb8 11. Qd2 Nc5 12. Qxd8+ Kxd8 13. O-O-O+ Ke8 14. Bg5 Nxe4 15. Nxe4 Nc6 16. Nf6+ Bxf6 17. Bxf6 Rg8 18.
Nd4 Bb7 19. Rh3 Nxd4 20. Rxd4 c5 21. Rd6 Bxg2 22. Rhd3 Bd5 23. c4 g5 24. hxg5 h4 25.
cxd5 h3 26. dxe6 fxe6 27. Rxe6+ Kf7 28. Re7+ Kg6 29. Rxh3 Kf5 30. Rf3+ Ke4 31. Re3+ Kf5 32. e6 1

[Event "Torneo Nuevo Centro. Jornada 8"]
[Site "Chess.com"]
[Date "2020.08.07"]
[Round "6"]
[White "Roca Cruz, Rafael"]
[Black "Zamora Soler, Raul"]
[Result "0-1"]
[WhiteElo "1790"]
[BlackElo "1882"]
[TimeControl "180+2"]
[EndTime "11:37:28 PDT"]
[Termination "Victoria de rzamora80 por abandono"]

1. d4 d5 2. c4 e6 3. Nc3 Nf6 4. Bg5 Be7 5. cxd5 exd5 6. e3 c6 7. Bd3 Nbd7 8. Qc2 h6 9. Bh4 O-O 10. Nge2 Re8 11. f3 Nf8 12. O-O Nh5 13. Bxe7 Qxe7 14.
e4 Nf6 15. e5 N6d7 16. f4 Nb6 17. b3 Bg4 18. Rae1 Rac8 19. Kh1 c5 20. Nb5 cxd4 21. Qb2 Bxe2 22. Rxe2 a6 23. Nd6 Rc3 24. Nxe8 Qxe8 25. Bf5 g6 26. Bg4 h5 27. Bf3 Qb5 28. Rd1 Re3 29.
Red2 d3 30. Qd4 Re2 31. Bxe2 dxe2 32. Re1 Ne6 33. Qf2 d4 34. f5 gxf5 35. Qxf5 d3 36.
Qxh5 Nd5 37. Rxd3 Qxd3 38. Qg4+ Kf8 39. h4 Ndf4 40. g3 Qe4+ 0

[Event "Torneo Nuevo Centro. Jornada 8"]
[Site "Chess.com"]
[Date "2020.08.07"]
[Round "6"]
[White "Martínez Escandell, Alfonso"]
[Black "Marques Montolio, Luis"]
[Result "1-0"]
[WhiteElo "1831"]
[BlackElo "1425"]
[TimeControl "180+2"]
[EndTime "11:37:36 PDT"]
[Termination "Victoria de Alfonso10 por abandono"]

1. e4 d5 2. exd5 Qxd5 3. Nc3 Qa5 4. Be2 c6 5. d3 Bf5 6. Bd2 e6 7. Nf3 Qc7 8. O-O Nf6 9. g3 Bd6 10. a4 O-O 11. Nh4 Bh3 12. Re1 Be7 13. Bf4 Bd6 14. Bxd6 Qxd6 15. Bf1 Bxf1 16. Rxf1 Nbd7 17. Ng2 Nd5 18.
Ne4 Qe7 19. Ne3 N7f6 20. Nxf6+ Nxf6 21. Qf3 Rfd8 22. Rfe1 Rd7 23. Nc4 Rad8 24. b3 Qc5 25. a5 Rd5 26. a6 b5 27. Ne3 Re5 28. Red1 Nd5 29. Nxd5 Rexd5 30. Qe2 Qc3 31. Rdc1 b4 32. Qe3 c5 33. h4 Rd4 34. Ra5 R8d6 35. Rb5 h6 36. Rb8+ Rd8 37. Rb7 R8d7 38. Qf3 R4d5 39. Qe4 Qb2 40. Qf4 Qf6 41. Qb8+ Kh7 42. Qxa7 Rxb7 43.
axb7 Qb2 44. Rf1 Rd8 45. b8=Q Rxb8 46. Qxb8 Qxc2 47. Qb5 Qxb3 48. Rc1 Qb2 49. Rxc5 Qb1+ 50. Kg2 Qd1 51. Rc7 Qg4 52. Rc4 Qd1 53. Qxb4 Qxd3 54. Rf4 Qd5+ 55. Qe4+ Qxe4+ 56. Rxe4 1

[Event "Torneo Nuevo Centro. Jornada 8"]
[Site "Chess.com"]
[Date "2020.08.07"]
[Round "6"]
[White "Rodriguez Rodriguez, Joan David "]
[Black "Bercaru, Vlad Ionut"]
[Result "1/2-1/2"]
[WhiteElo "1717"]
[BlackElo "1830"]
[TimeControl "180+2"]
[EndTime "11:38:28 PDT"]
[Termination "Tablas por repeticiÃ³n"]

1. d4 Nf6 2. c4 g6 3. Nc3 Bg7 4. e4 d6 5. Nf3 O-O 6. Be2 e5 7.
dxe5 dxe5 8. Qxd8 Rxd8 9. Bg5 Re8 10. O-O c6 11. Rad1 h6 12. Bh4 Bg4 13. Rfe1 Na6 14.
a3 g5 15. Bg3 Nh5 16. Bd3 Nxg3 17. hxg3 Nc5 18. Bc2 Red8 19. b4 Ne6 20. Rxd8+ Rxd8 21. Nh2 Bh5 22. g4 Bg6 23. Nf1 Nd4 24. Rd1 Bf6 25. Rd2 Nxc2 26. Rxc2 Be7 27. c5 a5 28. Ne3 axb4 29.
axb4 b6 30. Na4 Bxe4 31. Rc1 bxc5 32. bxc5 Kg7 33. f3 Bg6 34. Nb6 Rd3 35. Kf2 Kg8 36.
Ke2 Rd8 37. Ra1 Bf6 38. Ra7 Kg7 39. Nd7 Be7 40. Nxe5 Bxc5 41. Ra5 Bxe3 42. Kxe3 Rd6 43. Rc5 Re6 44. Kd4 f6 45. Nxc6 Be8 46. Nb4 Re2 47. Rc7+ Bf7 48. Nc6 Rd2+ 49. Ke3 Rd6 50. Nd4 Rd8 51. Nf5+ Kg6 52. Ne7+ Kg7 53. Nf5+ Kg6 54. Ne7+ Kg7 55. Nf5+ 1/2-1

[Event "Torneo Nuevo Centro. Jornada 8"]
[Site "Chess.com"]
[Date "2020.08.07"]
[Round "6"]
[White "Pedros Viudes, Santiago"]
[Black "Chofre Murcia, Adrián"]
[Result "1-0"]
[WhiteElo "1909"]
[BlackElo "1679"]
[TimeControl "180+2"]
[EndTime "11:38:29 PDT"]
[Termination "Victoria de ElGatoKamsky por abandono"]

1. d4 f5 2. Nc3 e6 3. Qd3 Nf6 4. Bg5 d5 5. O-O-O h6 6. Bxf6 Qxf6 7. f3 Bd6 8. e4 Bf4+ 9. Kb1 c6 10. e5 Qf7 11. g4 fxg4 12. fxg4 Bg5 13. h4 Be7 14. Nge2 Bd7 15. Bg2 Kd8 16. Rdf1 Qe8 17. Nf4 Rf8 18. Nh5 Rxf1+ 19. Qxf1 g6 20. Nf6 Bxf6 21. exf6 Qf7 22.
Qf4 Na6 23. Rf1 c5 24. dxc5 Nxc5 25. Qxh6 Kc7 26. Qf4+ Kc6 27. g5 Rh8 28. Bf3 Be8 29.
Qb4 Qc7 30. Nb5 Qb6 31. Nd4+ Kd6 32. Qxb6+ axb6 33. Rh1 e5 34. Ne2 e4 35. Bg4 Bf7 36.
Ng3 Ke5 37. h5 gxh5 38. Bxh5 Bxh5 39. Rxh5 Rxh5 40. Nxh5 Ne6 41. g6 e3 42. Kc1 Kf5 43.
g7 e2 44. Kd2 Nd4 45. g8=Q Nf3+ 46. Kxe2 Nd4+ 47. Kd3 Ne6 48. f7 Nc5+ 49. Ke2 Ne4 50.
f8=Q+ Ke5 51. Qe7+ Kd4 52. Qgg7+ Kc4 53. Qxe4+ dxe4 54. Qc3+ Kd5 55. Nf4+ Kd6 56. Ke3 Ke7 57. Kxe4 Kf7 58. Qe5 Kf8 59. Qc7 Kg8 60. Kf5 1

[Event "Torneo Nuevo Centro. Jornada 8"]
[Site "Chess.com"]
[Date "2020.08.07"]
[Round "6"]
[White "Aymerich Rosell, Pablo"]
[Black "Gil López, Alejandro"]
[Result "0-1"]
[WhiteElo "1954"]
[BlackElo "2213"]
[TimeControl "180+2"]
[EndTime "11:38:37 PDT"]
[Termination "Victoria de AglVal0313 por abandono"]

1. e4 c5 2. Nf3 g6 3. c3 Bg7 4. d4 cxd4 5. cxd4 Nc6 6. d5 Ne5 7.
Nxe5 Bxe5 8. Nc3 d6 9. f4 Bg7 10. Bd3 Bd7 11. O-O Nf6 12. e5 Ng8 13. exd6 exd6 14.
Re1+ Ne7 15. f5 O-O 16. fxg6 fxg6 17. Bg5 Bf6 18. Bxf6 Rxf6 19. Ne4 Rf7 20. Ng5 Rf8 21. Kh1 Bf5 22. Ne6 Bxe6 23. dxe6 Rc8 24. Qb3 Qb6 25.
Be4 Qxb3 26. axb3 d5 27. Bf3 a6 28. Rac1 Kg7 29. h3 Kf6 30. Rcd1 Rcd8 31. Rd4 Rd6 32.
Rf4+ Kg7 33. Rb4 b5 34. Rd4 Rf6 35. Re5 Rfxe6 36. Rxe6 Rxe6 37. Rd2 Re5 38. b4 Kf6 39. Rc2 Kf5 40. Rc7 Kf4 41. Kh2 d4 42. Rd7 Ke3 43. Rd6 d3 44. Rxa6 Nf5 45. Rb6 Nd4 46.
Bd1 Kd2 47. Bg4 h5 48. Bf3 Nxf3+ 49. gxf3 Ke2 50. Rxg6 d2 51. Rd6 d1=Q 52. Rxd1 Kxd1 53. Kg3 Kc2 54. f4 Rf5 55. Kh4 Kxb2 56. Kg3 Kb3 57. Kf3 Kxb4 58. Ke4 Rf7 59. Ke5 Kc3 60.
f5 b4 61. Ke6 Rf8 62. Ke7 Rxf5 63. Ke6 Rf3 64. h4 b3 0

[Event "Torneo Nuevo Centro. Jornada 8"]
[Site "Chess.com"]
[Date "2020.08.07"]
[Round "7"]
[White "Gil López, Alejandro"]
[Black "Perez Garcia, Jose Miguel"]
[Result "1/2-1/2"]
[WhiteElo "2209"]
[BlackElo "2040"]
[TimeControl "180+2"]
[EndTime "11:42:43 PDT"]
[Termination "Partida en tablas por mutuo acuerdo"]

1. e4 c6 2. Nc3 d5 3. d4 dxe4 4.
Nxe4 Nf6 5. Ng3 g6 6. Nf3 Bg7 7. Bg5 O-O 8. h4 Bg4 9. Be2 Nbd7 10. Qd2 h5 11. O-O-O Bxf3 1/2-1

[Event "Torneo Nuevo Centro. Jornada 8"]
[Site "Chess.com"]
[Date "2020.08.07"]
[Round "7"]
[White "Donate Peris, Jose Manuel"]
[Black "Gómez Alonso, Óscar"]
[Result "0-1"]
[WhiteElo "1522"]
[BlackElo "1821"]
[TimeControl "180+2"]
[EndTime "11:43:48 PDT"]
[Termination "Victoria de osgo78 por abandono"]

1. d4 Nf6 2. c4 e6 3. Nc3 d5 4. cxd5 exd5 5. e3 c6 6. Nf3 Bd6 7. Be2 O-O 8. h3 Bf5 9. O-O Nbd7 10. Nh4 Be6 11. Bd3 Bb8 12. e4 dxe4 13. Nxe4 Nxe4 14. Bxe4 Qxh4 15. Bf3 Nf6 16. Re1 Bd5 17. Be3 Bd6 18. a3 Rfe8 19. Qd2 Bxf3 0

[Event "Torneo Nuevo Centro. Jornada 8"]
[Site "Chess.com"]
[Date "2020.08.07"]
[Round "7"]
[White "Chofre Murcia, Adrián"]
[Black "Kovacevic, Slobodan"]
[Result "0-1"]
[WhiteElo "1677"]
[BlackElo "2215"]
[TimeControl "180+2"]
[EndTime "11:44:24 PDT"]
[Termination "Victoria de nikko110 por abandono"]

1. e4 c5 2. Nc3 e6 3. f4 Qc7 4. Nf3 Qxf4 5. d4 Qc7 6. d5 a6 7. e5 b5 8. d6 Qb6 9. a4 Bb7 10. a5 Qd8 11. Bg5 f6 12. Bf4 Nc6 13. Bxb5 axb5 14. Nxb5 Rxa5 15. Nc7+ Kf7 16. Bd2 Rxa1 17.
Qxa1 Nxe5 18. Nxe5+ fxe5 19. Rf1+ Nf6 20. Qd1 Bxd6 21.
Rxf6+ Qxf6 22. Qh5+ g6 23. Qe2 Bxc7 24. Bg5 0